 Dungeon Crawl Stone Soup version 0.31-a0-229-g1fc7ce93e2 (webtiles) character file.

Game seed: 13252336600914187272

156 qw the Shooter (level 5, 0/45 HPs)
             Began as a Minotaur Hexslinger on July 6, 2023.
             Slain by a gnoll
             ... wielding a +0 spear
              (2 damage)
             ... on level 4 of the Dungeon.
             The game lasted 00:00:58 (2156 turns).

qw the Shooter (Minotaur Hexslinger)                Turns: 2156, Time: 00:00:59

Health: 0/45       AC:  6    Str: 13    XL:     5   Next: 14%
Magic:  5/5        EV: 11    Int: 10    God:
Gold:   174        SH:  0    Dex: 14    Spells: 5/6 levels left

rFire   + . .        Y - +1 sling
rCold   . . .        (no shield)
rNeg    . . .        d - +0 ring mail
rPois   .            (helmet restricted)
rElec   .            (no cloak)
rCorr   .            (no gloves)
SInv    +            h - +0 pair of boots
Will    .....        (no amulet)
Stlth   +            e - ring of protection from fire
HPRegen 0.27/turn    i - ring of see invisible
MPRegen 0.09/turn

%: no passive effects
@: about to teleport
A: horns 2, retaliatory headbutt
a: no special abilities


You were on level 4 of the Dungeon.
You visited 1 branch of the dungeon, and saw 4 of its levels.

You collected 200 gold pieces.
You spent 26 gold pieces at shops.


Innate Abilities, Weirdness & Mutations

You have a pair of horns on your head.
You reflexively headbutt those who attack you in melee.


   Skills:
 - Level 3.1 Fighting
 + Level 5.0 Ranged Weapons
 - Level 1.3 Armour
 - Level 2.1 Dodging
 - Level 1.0 Spellcasting
 - Level 2.0 Hexes


You had 5 spell levels left.
You knew the following spells:

 Your Spells              Type           Power      Damage    Failure   Level
a - Slow                  Hex            16%        N/A       32%         1

Your spell library contained the following spells:

 Spells                   Type           Power      Damage    Failure   Level
 Inner Flame              Hex/Fire       2%         N/A       82%         3
 Portal Projectile        Hex/Tloc       4%         N/A       82%         3
 Cause Fear               Hex            2%         N/A       97%         4

Inventory:

Hand Weapons
 Y - a +1 sling (weapon)
Armour
 d - a +0 ring mail (worn)
 h - a +0 pair of boots (worn)
Jewellery
 e - a ring of protection from fire (left hand)
 i - a ring of see invisible (right hand)
Scrolls
 a - 2 scrolls of identify
Potions
 c - 3 potions of curing
 f - a potion of enlightenment

Dungeon Overview and Level Annotations

Branches:
Dungeon (4/15)
 Temple: D:4-7

Altars:
Gozag
Kikubaaqudgha

Shops:
D:1 [


Message History

The gnoll hits you from afar with a +0 spear.
You shoot a sling bullet. The sling bullet hits the gnoll!
The gnoll is heavily wounded.
You shoot a sling bullet.
The sling bullet completely misses the ogre.
You shoot a sling bullet.
The sling bullet barely misses the ogre.
The ogre misses you. You furiously retaliate!
You headbutt the ogre, but do no damage.
You shoot a sling bullet. The sling bullet hits the ogre.
The ogre is lightly wounded.
The ogre closely misses you.
You shoot a sling bullet.
The sling bullet closely misses the ogre.
The gnoll closely misses you. The ogre hits you with a +0 giant club!
The gnoll closely misses you.
You shoot a sling bullet.
The sling bullet barely misses the ogre.
The gnoll hits you but does no damage. The gnoll hits you with a +0 flail.
The ogre hits you with a +0 giant club!
You shoot a sling bullet. The sling bullet hits the ogre.
The ogre is lightly wounded.
The gnoll hits you from afar with a +0 spear.
The gnoll barely misses you.
2154 ||| READING scroll of teleportation.
As you read the scroll of teleportation, it crumbles to dust.
You feel strangely unstable. The ogre barely misses you.
The gnoll hits you from afar with a +0 spear.
The gnoll closely misses you.
You shoot a sling bullet. The sling bullet hits the ogre.
The ogre is lightly wounded.
The gnoll hits you from afar with a +0 spear.
The gnoll barely misses you. The ogre closely misses you.
The gnoll hits you from afar with a +0 spear.
The gnoll hits you but does no damage.
You shoot a sling bullet. The sling bullet hits the ogre.
The ogre is moderately wounded.
The gnoll hits you from afar with a +0 spear.
You die...

##### #<..##########
.#..........# ###
........###.###...##.
#.#####.# #..@g......
#.# ##..# ####O...###
#.###...### g#.....
#.....)...# .# ####
#.###+###......# ##.#
.####.# ###..# # ..
.....+ .# ##.#.#


You could see an ogre and 2 gnolls.

Vanquished Creatures
  Jessica (D:3)
  2 gnolls (D:4)
  3 adders
  3 worms
  5 orcs (D:3)
  2 bat zombies (D:3)
  4 endoplasms
  3 giant cockroaches
  5 goblins
  5 hobgoblins
  3 jackals (D:2)
  6 kobolds
  A quokka (D:3)
  4 ball pythons
  10 bats
  9 rats
  5 rat zombies (D:3)
71 creatures vanquished.

Notes
Turn   | Place    | Note
-------+----------+-------------------------------------------
     0 | D:1      | qw the Minotaur Hexslinger began the quest for the Orb.
     0 | D:1      | Reached XP level 1. HP: 16/16 MP: 1/1
     0 | D:1      | 0 ||| qw: Version: 0.3-a-46-gb1f654a
     0 | D:1      | 0 ||| qw: Game counter: 1139
     0 | D:1      | 0 ||| qw: Melee chars always use a shield: true
     0 | D:1      | 0 ||| qw: God list: Okawaru
     0 | D:1      | 0 ||| qw: Allow faded altars: false
     0 | D:1      | 0 ||| qw: Do Orc after clearing Dungeon:15 true
     0 | D:1      | 0 ||| qw: Do second Lair branch before Depths: true
     0 | D:1      | 0 ||| qw: Lair rune preference: random
     0 | D:1      | 0 ||| qw: Goals: Normal
     0 | D:1      | 0 ||| PLANNING D:1-11
   115 | D:1      | Reached skill level 3 in Ranged Weapons
   124 | D:1      | Found Fynaggy's Armour Shoppe.
   131 | D:1      | 131 ||| SHOPLISTING +0 cloak (58 gold, have 26).
   131 | D:1      | 131 ||| BUYING +0 leather armour (26 gold).
   131 | D:1      | Bought a +0 leather armour for 26 gold pieces
   131 | D:1      | 131 ||| SHOPLISTING +0 pair of gloves (58 gold, have 0).
   131 | D:1      | 131 ||| SHOPLISTING +1 leather armour of cold resistance
                  | (182 gold, have 0).
   173 | D:1      | Reached XP level 2. HP: 23/23 MP: 2/2
   320 | D:1      | 320 ||| UPGRADING to +0 leather armour.
   330 | D:1      | 330 ||| DROPPING +0 robe.
   331 | D:1      | 331 ||| UPGRADING to +0 pair of boots.
   336 | D:1      | 336 ||| READING 2 scrolls labelled ETIPEO OQUV.
   337 | D:1      | 337 ||| READING scroll labelled OMPIYKUCER.
   338 | D:1      | 338 ||| DROPPING scroll of poison.
   764 | D:2      | Reached XP level 3. HP: 29/29 MP: 3/3
   828 | D:2      | Found an opulent altar of Gozag.
  1126 | D:2      | Reached skill level 4 in Ranged Weapons
  1285 | D:2      | 1285 ||| READING scroll labelled DEMAWK MEFUTZO.
  1286 | D:2      | 1286 ||| READING scroll labelled TIAD DO UWOHE.
  1287 | D:2      | 1287 ||| READING scroll labelled SOSAAM ZOLORCH.
  1288 | D:2      | 1288 ||| READING 4 scrolls of identify.
  1288 | D:2      | 1288 ||| IDENTIFYING viscous inky potion
  1289 | D:2      | 1289 ||| READING 3 scrolls of identify.
  1289 | D:2      | 1289 ||| IDENTIFYING purple potion
  1290 | D:2      | 1290 ||| READING 2 scrolls of identify.
  1290 | D:2      | 1290 ||| IDENTIFYING yellow potion
  1291 | D:2      | 1291 ||| DROPPING potion of degeneration.
  1381 | D:3      | Reached XP level 4. HP: 30/36 MP: 4/4
  1593 | D:3      | Reached skill level 5 in Ranged Weapons
  1600 | D:3      | Found an ancient bone altar of Kikubaaqudgha.
  1843 | D:3      | Noticed Jessica
  1850 | D:3      | Killed Jessica
  1851 | D:3      | Reached skill level 3 in Fighting
  2015 | D:3      | 2015 ||| UPGRADING to +0 ring mail.
  2025 | D:3      | 2025 ||| DROPPING +0 leather armour.
  2026 | D:3      | 2026 ||| UPGRADING to ring of protection from fire.
  2027 | D:3      | 2027 ||| UPGRADING to ring of see invisible.
  2028 | D:3      | 2028 ||| READING 2 scrolls labelled ZOOSEG OMICUO.
  2031 | D:3      | 2031 ||| DRINKING 2 green potions.
  2032 | D:3      | 2032 ||| DROPPING potion of brilliance.
  2082 | D:4      | Reached XP level 5. HP: 44/45 MP: 5/5
  2093 | D:4      | Reached skill level 1 in Armour
  2145 | D:4      | Noticed an ogre
  2153 | D:4      | HP: 9/45 [gnoll/+0 spear (5)]
  2154 | D:4      | 2154 ||| READING scroll of teleportation.
  2154 | D:4      | HP: 3/45 [gnoll/+0 spear (6)]
  2155 | D:4      | HP: 1/45 [gnoll/+0 spear (1)]
  2156 | D:4      | Slain by a gnoll

Levels and vault maps discovered:
D:1:      evilmike_arrival_home_sweet_home, layout_rooms, serial_shops, shop
D:2:      minmay_chambers_of_ones, layout_loops_cross, basic_altar,
          minmay_between
D:3:      minmay_wonky_spiral, layout_rooms, lemuel_zombie_altar_kikubaaqudgha,
          chequers_serial_rivers_large_a, kennysheep_generic_room_9,
          uniq_jessica
D:4:      minmay_chambers_of_fours, layout_loops_ring, lemuel_doored_altar

Skill      XL: |  1  2  3  4  5 |
---------------+----------------+-----
Ranged Weapons | 3 4 5 |  5.0
Fighting       | 2 3 |  3.1
Armour         | 1 |  1.3
Dodging        | |  2.1
Spellcasting   | |  1.0
Hexes          | |  2.0

Action                     |  1- 3 |  4- 6 || total
---------------------------+-------+-------++-------
   Fire: Sling             |   109 |   108 ||   217
    Use: Scroll            |     8 |     2 ||    10
         Potion            |       |     1 ||     1
 Armour: Leather armour    |    14 |    11 ||    25
         Ring mail         |       |     4 ||     4
  Dodge: Dodged            |    39 |    32 ||    71

Table legend:
 A = Non-vault XP
 B = Vault XP
 C = Vault XP percentage of total XP
 D = Non-vault monster count
 E = Vault monster count
 F = Vault count percentage of total count
                 A         B        C        D         E       F
            +---------+---------+-------+---------+---------+-------
      Total |     146 |      77 |  34.5 |      52 |      19 |  26.8
            +---------+---------+-------+---------+---------+-------
        D:1 |      15 |       0 |   0.0 |       8 |       0 |   0.0
        D:2 |      42 |      26 |  38.2 |      19 |       9 |  32.1
        D:3 |      58 |      51 |  46.8 |      22 |      10 |  31.2
        D:4 |      31 |       0 |   0.0 |       3 |       0 |   0.0
            +---------+---------+-------+---------+---------+-------
